 Dungeon Crawl Stone Soup version 0.31.0-2-g5a2aebc5c2 (webtiles) character file.

Game seed: 895042643123700931

3611 ssalbiz the Severer (level 9, 0/73 HPs)
             Began as a Minotaur Berserker on Jan 20, 2024.
             Was a High Priest of Trog.
             Killed from afar by an electric eel (9 damage)
             ... with a bolt of electricity
             ... on level 8 of the Dungeon.
             The game lasted 00:09:56 (7983 turns).

ssalbiz the Severer (Minotaur Berserker)            Turns: 7983, Time: 00:09:57

Health: 0/73       AC:  7    Str: 26    XL:     9   Next: 86%
Magic:  8/8        EV: 12    Int:  4    God:    Trog [*****.]
Gold:   409        SH:  0    Dex: 10    Spells: 8/8 levels left

rFire   . . .        p - +1 war axe (freeze)
rCold   + . .        (no shield)
rNeg    . . .        q - +0 steam dragon scales
rPois   .            (helmet restricted)
rElec   .            C - scarf {repulsion}
rCorr   .            (no gloves)
SInv    .            D - +0 pair of boots
Will    .....        (no amulet)
Stlth   +            B - ring of protection from cold
HPRegen 0.32/turn    (no ring)
MPRegen 0.11/turn

%: repel missiles
@: no status effects
A: horns 2, retaliatory headbutt
a: Renounce Religion, Berserk, Trog's Hand, Brothers in Arms


You were on level 8 of the Dungeon.
You worshipped Trog.
Trog was extremely pleased with you.
You visited 1 branch of the dungeon, and saw 9 of its levels.
You also visited: Ossuary.

You collected 409 gold pieces.

Inventory:

Hand Weapons
 p - a +1 war axe of freezing (weapon)
Missiles
 l - 12 poisoned darts
 E - 6 silver javelins (quivered)
Armour
 q - +0 steam dragon scales (worn)
 C - a scarf of repulsion (worn)
 D - a +0 pair of boots (worn)
Jewellery
 a - a ring of flight
 A - a ring of ice
 B - a ring of protection from cold (left hand)
Wands
 g - a wand of digging (4)
 t - a wand of flame (25)
 y - a wand of iceblast (10)
 I - a wand of paralysis (8)
Scrolls
 b - 2 scrolls of noise {unknown}
 c - 7 scrolls of torment {unknown}
 d - 2 scrolls of enchant armour {unknown}
 e - 7 scrolls of teleportation {unknown}
 f - 6 scrolls of identify {unknown}
 h - a scroll of silence {unknown}
 i - a scroll of immolation {unknown}
 r - 2 scrolls of vulnerability {unknown}
 s - 2 scrolls of brand weapon {unknown}
 x - 2 scrolls of enchant weapon {unknown}
 z - 2 scrolls of poison {unknown}
Potions
 j - a potion of degeneration {unknown}
 k - 3 potions of attraction {unknown}
 m - 2 potions of mutation {unknown}
 n - a potion of brilliance {unknown}
 o - 6 potions of curing {unknown}
 u - 2 potions of berserk rage {unknown}
 v - 5 potions of might {unknown}
 w - 4 potions of heal wounds {unknown}
 F - 4 potions of resistance {unknown}
 G - a potion of experience {unknown}
 H - a potion of enlightenment {unknown}


   Skills:
 + Level 4.9 Fighting
 - Level 16.0 Axes
 + Level 3.9 Armour
 + Level 3.5 Dodging


You had 8 spell levels left.
You didn't know any spells.
Your spell library was empty.

Dungeon Overview and Level Annotations

Branches:
Dungeon (9/15)             Temple (0/1) D:5         Ossuary (visited)
   Lair: D:8-11         Orc: D:9-12

Altars:
Hepliaklqana
Okawaru
Ru
Xom

Shops:
D:6 (   D:7 :

Annotations:
D:3 1 runed translucent door, rozman's ghost, amateur GrEE
D:5 3 runed translucent doors, Cheops's ghost, novice FoFi


Innate Abilities, Weirdness & Mutations

You have a pair of horns on your head.
You reflexively headbutt those who attack you in melee.


Message History

The electric eel shoots out a bolt of lightning at you!
The bolt of electricity is repelled.
A hound comes into view. x2
The electric eel shoots out a bolt of lightning at you!
The bolt of electricity hits you!
An electric eel comes into view.
The hound moves out of view.
You hear a bark!
You hear a howl!
A wolf comes into view.
The hound barks!
A hound comes into view.
The electric eel shoots out a bolt of lightning at you!
The bolt of electricity hits the electric eel.
The electric eel completely resists.
The bolt of electricity hits you!
The electric eel shoots out a bolt of lightning at you!
The bolt of electricity hits the electric eel.
The electric eel completely resists.
The bolt of electricity hits the electric eel.
The electric eel completely resists.
The bolt of electricity hits you!
The electric eel shoots out a bolt of lightning at you!
The bolt of electricity hits you!
The hound barks! x2
The electric eel shoots out a bolt of lightning at you!
The bolt of electricity hits the electric eel.
The electric eel completely resists.
The bolt of electricity hits you.
The electric eel shoots out a bolt of lightning at you!
The bolt of electricity hits you!
* * * LOW HITPOINT WARNING * * *
A hound comes into view.
The wolf howls!
The electric eel shoots out a bolt of lightning at you!
The bolt of electricity misses you.
You hear a bark!
The electric eel shoots out a bolt of lightning at you!
The bolt of electricity hits the electric eel.
The electric eel completely resists.
The bolt of electricity hits you!
* * * LOW HITPOINT WARNING * * *
The electric eel shoots out a bolt of lightning at you!
The bolt of electricity hits you!
You die...

### ..≈≈~.. ## #.. ...~≈h.
.###### #.# .~~h.~. ##.##.#
#.# ..≈≈~.. ##.##.# #.#
##.~~≈≈.h ##.##.#########.#
#....≈hh≈ ~≈≈
.............##.###...$~SS~
≈≈
................@.....SS~~.
.
#..##.###.##########......~
#..##.# #.# ......~ #..##.#
#.# ........~ ......###.#
........... #.....<...#
#.###.# #.#.# ###########
## # ..>.. #.# #..


You could see 2 electric eels.

Vanquished Creatures
  A two-headed ogre (D:8)
  A wraith (D:9)
  A steam dragon (D:4)
  2 water moccasins
  An orc warrior (D:9)
  2 black bears (D:6)
  3 ice beasts
  3 centaurs
  A kobold brigand (D:7)
  An elf zombie (Ossuary)
  A bullfrog (D:7)
  2 scorpions (D:5)
  9 killer bees
  3 hounds
  A bombardier beetle (D:3)
  3 orc priests
  3 iguanas
  A jelly (D:4)
  A sleepcap (D:6)
  8 orc wizards
  Ijyb (D:4)
  Natasha (thrice) (D:2)
  4 mummies (Ossuary)
  2 hound zombies (Ossuary)
  9 adders
  2 shadow imps (D:7)
  A white imp (D:7)
  2 ufetubi (D:5)
  An adder zombie (Ossuary)
  4 ribbon worms
  3 dart slugs
  34 orcs
  12 ball pythons
  6 endoplasms
  7 giant cockroaches
  2 gnoll zombies (Ossuary)
  8 hobgoblins
  6 jackals
  2 quokkas
  8 bats
  3 frilled lizards
  12 goblins
  2 goblin zombies (Ossuary)
  2 jackal zombies (Ossuary)
  18 kobolds
  A kobold zombie (Ossuary)
  6 rats
  A rat zombie (Ossuary)
210 creatures vanquished.

Notes
Turn   | Place    | Note
-------+----------+-------------------------------------------
     0 | D:1      | ssalbiz the Minotaur Berserker began the quest for the Orb.
     0 | D:1      | Reached XP level 1. HP: 19/19 MP: 0/0
   305 | D:1      | Reached skill level 4 in Axes
   344 | D:1      | Reached XP level 2. HP: 25/26 MP: 1/1
   810 | D:1      | Reached ** piety under Trog
   811 | D:1      | Reached skill level 5 in Axes
  1147 | D:1      | Reached XP level 3. HP: 22/31 MP: 2/2
  1300 | D:2      | Noticed Natasha
  1305 | D:2      | Killed Natasha
  1306 | D:2      | Reached skill level 6 in Axes
  1306 | D:2      | Reached XP level 4. HP: 39/39 MP: 3/3
  1319 | D:2      | Noticed Natasha
  1326 | D:2      | Killed Natasha
  1414 | D:2      | Noticed Natasha
  1420 | D:2      | Killed Natasha
  1553 | D:2      | Reached skill level 7 in Axes
  1553 | D:2      | Reached XP level 5. HP: 45/45 MP: 4/4
  2104 | D:3      | Found a runed translucent door.
  2171 | D:3      | Reached skill level 8 in Axes
  2374 | D:3      | Noticed rozman's ghost (amateur GrEE)
  2732 | D:3      | Reached *** piety under Trog
  2780 | D:3      | Reached XP level 6. HP: 51/51 MP: 5/5
  2865 | D:3      | Identified the +2 falchion of Qazlal's Grace {freeze, rPois
                  | Will++ Str-2}
  3165 | D:4      | Noticed a steam dragon
  3171 | D:4      | Killed a steam dragon
  3172 | D:4      | Reached skill level 9 in Axes
  3395 | D:4      | Noticed an ice beast
  3401 | D:4      | Killed an ice beast
  3402 | D:4      | Reached XP level 7. HP: 57/57 MP: 6/6
  3490 | D:4      | Noticed Ijyb
  3496 | D:4      | Killed Ijyb
  3497 | D:4      | Reached skill level 10 in Axes
  3972 | D:5      | Entered Level 5 of the Dungeon
  3972 | D:5      | Found a runed translucent gate.
  3972 | D:5      | Found a runed translucent gate.
  3972 | D:5      | Found a runed translucent gate.
  3974 | D:5      | Noticed Cheops's ghost (novice FoFi)
  4171 | D:5      | Found a staircase to the Ecumenical Temple.
  4273 | D:5      | Reached skill level 11 in Axes
  4338 | D:5      | Found an iron altar of Okawaru.
  4778 | D:6      | Reached XP level 8. HP: 52/64 MP: 7/7
  4784 | D:6      | Reached **** piety under Trog
  4943 | D:6      | Found Xeetet's Weapon Emporium.
  5052 | D:6      | Reached skill level 12 in Axes
  5562 | D:6      | Reached skill level 13 in Axes
  5840 | D:7      | Found Afeaseur's Tiny Tomes.
  6000 | D:7      | Reached skill level 14 in Axes
  6005 | D:7      | Reached XP level 9. HP: 64/70 MP: 8/8
  6181 | D:7      | Found a sand-covered staircase.
  6188 | Ossuary  | Entered an ossuary
  6633 | D:7      | You fall into a shaft and drop 2 floors!
  6659 | D:9      | Reached skill level 15 in Axes
  6739 | D:9      | Found a shimmering altar of Xom.
  6740 | D:9      | Found a hazy altar of Hepliaklqana.
  6741 | D:9      | Noticed a spectral ugly thing
  6830 | D:8      | Reached ***** piety under Trog
  7129 | D:7      | Found a sacrificial altar of Ru.
  7549 | D:8      | Noticed a two-headed ogre
  7556 | D:8      | Killed a two-headed ogre
  7557 | D:8      | Reached skill level 16 in Axes
  7983 | D:8      | Killed from afar by an electric eel

Illustrated notes

Levels and vault maps discovered:
D:1:      denvon_arrival_planthouse, layout_loops_corners
D:2:      layout_rooms, feat_on_display, uniq_natasha
D:3:      minmay_octagon_keep, layout_loops_ring, ebering_ghost_sewer_d
D:4:      layout_basic, uniq_ijyb
D:5:      layout_rooms, okawaru_altar_gauntlet_db, temple_fountains,
          gammafunk_ghost_nasty_kobolds
D:6:      layout_gridville, serial_shops, shop
D:7:      layout_basic, nicolae_ru_the_path_less_chosen,
          chequers_ossuary_entry_cave, minmay_misc_feat_enclosed,
          nicolae_shop_i_like_small_books_too
D:8:      layout_loops_ring, lemuel_coloured_pillars_altar,
          lemuel_zombie_altar_kikubaaqudgha, erik_lair_island, minivault_14,
          minivault_1
D:9:      layout_long_grid, grunt_temple_overflow_opulence,
          mainiacjoe_overflow_24_doors, elyvilon_altar_4,
          regret_index_temple_of_mockery, kennysheep_generic_room_16

Skill      XL: |  1  2  3  4  5  6  7  8  9 |
---------------+----------------------------+-----
Axes           | 4 5 6 7 8 9 11 14 16 | 16.0
Fighting       | 4 |  4.9
Armour         | 3 |  3.9
Dodging        | 3 |  3.5

Action                     |  1- 3 |  4- 6 |  7- 9 || total
---------------------------+-------+-------+-------++-------
  Melee: Hand axe          |    92 |    93 |       ||   185
         Headbutt          |    17 |    13 |    34 ||    64
         Punch             |       |     1 |     5 ||     6
         War axe           |       |    22 |   267 ||   289
 Invoke: Berserk           |       |     6 |     2 ||     8
         Trog's Hand       |       |     2 |     1 ||     3
   Stab: Sleeping          |     1 |       |       ||     1
 Armour: Animal skin       |    50 |    63 |       ||   113
         Steam dragon scal |       |     2 |   193 ||   195
  Dodge: Dodged            |    64 |    75 |   117 ||   256
         Repelled          |       |       |     1 ||     1
